 Dungeon Crawl Stone Soup version 0.28.0-53-g5a82cb258f (webtiles) character file.

Game seed: 2627402972937513046

423 cbfl8 the Chopper (level 6, -1/53 HPs)
             Began as a Minotaur Berserker on Aug 25, 2022.
             Was a Priest of Trog.
             Slain by an orc priest
             ... wielding a +0 falchion
              (4 damage)
             ... on level 4 of the Dungeon.
             The game lasted 00:05:00 (3561 turns).

cbfl8 the Chopper (Minotaur Berserker)              Turns: 3561, Time: 00:05:01

Health: -1/53      AC:  7    Str: 21    XL:     6   Next: 63%
Magic:  5/5        EV: 12    Int:  4    God:    Trog [***...]
Gold:   146        SH:  0    Dex: 24    Spells: 5/5 levels left

rFire   . . .      SeeInvis .   a - +0 hand axe
rCold   . . .      Faith    .   (no shield)
rNeg    . . .      Spirit   .   e - +0 scale mail
rPois   .          Reflect  .   (helmet restricted)
rElec   .          Harm     .   (no cloak)
rCorr   .          Rampage  .   (no gloves)
Will    .....                   (no boots)
Stlth   +.........              (no amulet)
HPRegen 0.17/turn               k - +6 ring of dexterity
MPRegen 0.09/turn               s - +6 ring of dexterity

@: on berserk cooldown
A: horns 2, retaliatory headbutt, MP-powered wands
a: Renounce Religion, Berserk, Trog's Hand


You were on level 4 of the Dungeon.
You worshipped Trog.
Trog was most pleased with you.
You visited 1 branch of the dungeon, and saw 4 of its levels.

You collected 146 gold pieces.

Inventory:

Hand Weapons
 a - a +0 hand axe (weapon)
Armour
 e - a +0 scale mail (worn)
Jewellery
 k - a +6 ring of dexterity (left hand)
 q - a +4 ring of protection
 s - a +6 ring of dexterity (right hand)
Scrolls
 b - 2 scrolls of identify {unknown}
 c - a scroll of fear {unknown}
 d - 2 scrolls of vulnerability {unknown}
 f - a scroll of immolation {unknown}
 g - 4 scrolls of teleportation {unknown}
 h - a scroll of brand weapon {unknown}
 j - 2 scrolls of blinking {unknown}
 l - a scroll of magic mapping {unknown}
 m - a scroll of amnesia {unknown}
 r - a scroll of enchant weapon {unknown}
 t - a scroll of noise {unknown}
Potions
 o - 2 potions of lignification
 p - a potion of berserk rage {unknown}


   Skills:
 * Level 4.7 Fighting
 * Level 6.6 Axes
 + Level 4.1 Armour
 * Level 3.4 Dodging
 * Level 1.9 Evocations


You had 5 spell levels left.
You didn't know any spells.
Your spell library was empty.

Dungeon Overview and Level Annotations

Branches:
Dungeon (4/15)
 Temple: D:4-7

Altars:


Innate Abilities, Weirdness & Mutations

You have a pair of horns on your head.
You reflexively headbutt those who attack you in melee.
You expend magic power (3 MP) to strengthen your wands.


Message History

An orc priest comes into view. It is wielding a +0 falchion.
You slash the gnoll!
You kill the gnoll!
Trog accepts your kill.
You slash the orc!
You kill the orc!
Trog accepts your kill.
You feel a strong urge to attack something.
You are no longer berserk.
You are exhausted.
You feel yourself slow down.
The orc throws an atropa-tipped dart.
The atropa-tipped dart closely misses you.
The orc throws an atropa-tipped dart.
The atropa-tipped dart barely misses you.
The orc priest calls down the wrath of Beogh upon you.
Beogh smites you!
* * * LOW HITPOINT WARNING * * *
The orc priest begins to cast a cantrip, but forgets the words!
The orc throws an atropa-tipped dart.
The atropa-tipped dart barely misses you.
An orc comes into view. It is wielding a +0 mace.
The orc shouts!
The orc throws an atropa-tipped dart.
The atropa-tipped dart barely misses you.
It was a potion of lignification.
You turn into a tree.
Your +0 scale mail melds into your body.
Your roots penetrate the ground.
It was a potion of mutation.
You feel extremely strange.
You feel your magical essence link to the dungeon's wands.
It was a potion of cancellation.
Your magical effects are unravelling.
You feel magically purged.
You feel less wooden.
Your +0 scale mail unmelds from your body.
You feel yourself speed up. The orc hits you with a +0 hand axe.
* * * LOW HITPOINT WARNING * * *
The orc priest hits you with a +0 falchion.
You die...

##...[.......#.#....#...##
.........#.#####....#....#
.###...))###......#......##
.# ###.#........###.###...#
## ####)..###..###......#
.........#.........###....
#..#.....##...†....### #
.............<.....#
#..#..###.....@o.....# ..
... #...#.o.o...## # ####
#...##o.#...# #..###.##..##
. #.....## #......#.#
#.........# #))).##....
#.))).......#


You could see 2 orc priests and 2 orcs.

Vanquished Creatures
  A necrophage (D:4)
  A bullfrog zombie (D:4)
  An orc priest (D:4)
  3 orc wizards (D:4)
  Robin (D:3)
  8 gnolls
  An adder (D:3)
  3 worms
  10 orcs (D:4)
  6 ball pythons
  4 endoplasms
  17 goblins
  13 hobgoblins
  2 jackals (D:4)
  3 quokkas
  6 bats
  3 frilled lizards
  4 kobolds
  5 rats
92 creatures vanquished.

Notes
Turn   | Place    | Note
-------+----------+-------------------------------------------
     0 | D:1      | cbfl8 the Minotaur Berserker began the quest for the Orb.
     0 | D:1      | Reached XP level 1. HP: 19/19 MP: 0/0
   389 | D:1      | Reached skill level 4 in Axes
   389 | D:1      | Reached XP level 2. HP: 9/27 MP: 1/1
   782 | D:1      | Found a faded altar of an unknown god.
  1387 | D:2      | Identified the +0 helmet of the Past {Slay+2}
  1556 | D:2      | Reached XP level 3. HP: 27/33 MP: 2/2
  1727 | D:2      | You fall into a shaft and drop 1 floor!
  1733 | D:3      | Reached ** piety under Trog
  2681 | D:3      | Reached XP level 4. HP: 33/40 MP: 3/3
  2687 | D:3      | Noticed Robin
  2706 | D:3      | Killed Robin
  2707 | D:3      | Reached skill level 5 in Axes
  3121 | D:4      | Reached XP level 5. HP: 46/46 MP: 4/4
  3169 | D:4      | Reached *** piety under Trog
  3170 | D:4      | Reached skill level 1 in Evocations
  3506 | D:4      | Noticed a necrophage
  3513 | D:4      | Killed a necrophage
  3514 | D:4      | Reached skill level 6 in Axes
  3514 | D:4      | Reached XP level 6. HP: 50/53 MP: 5/5
  3560 | D:4      | Gained mutation: You expend magic power (3 MP) to
                  | strengthen your wands. [potion of mutation]
  3561 | D:4      | Slain by an orc priest

Illustrated notes

Levels and vault maps discovered:
D:1:      dpeg_arrival_shelter, layout_basic, nicolae_ecumenical_lake_church
D:2:      layout_basic, serial_rivers, chequers_serial_rivers_small_b,
          chequers_serial_rivers_micro_c, chequers_serial_rivers_small_b,
          chequers_serial_rivers_marsh, chequers_serial_rivers_small_3
D:3:      layout_rooms, uniq_robin
D:4:      layout_cave_pools, columned_hall_lemuel

Skill      XL: |  1  2  3  4  5  6 |
---------------+-------------------+-----
Axes           | 4 5 6 |  6.6
Fighting       | 4 |  4.7
Armour         | 3 4 |  4.1
Dodging        | 3 |  3.4
Evocations     | 1 |  1.9

Action                   |  1- 3 |  4- 6 || total
-------------------------+-------+-------++-------
Melee: Hand axe          |   102 |    78 ||   180
       Headbutt          |    17 |    11 ||    28
       Punch             |     1 |     1 ||     2
Invok: Berserk           |       |     3 ||     3
  Use: Potion            |       |     3 ||     3
Armor: Scale mail        |    32 |    33 ||    65
       Animal skin       |     2 |       ||     2
Dodge: Dodged            |    61 |    40 ||   101
